General information
- name: BNet
- type: Ladder 1vs1/FFA
- host: Battle.net
- saver: GreedoftheNoob
map: EchoIsles
- players: 2
- length: 08:18
- speed: Fast
- version: 1.21 W3XP
- replay type: Public
» download(27 KB)
Players
team 1 (winner)
GreedoftheNoob (
blue | 83 APM | 687 actions | 08:18)
3 Archmage
2 Summon Water Elemental
1 Brilliance Aura
» actions
| Assign group hotkey | 14 | |
| Basic commands | 57 | |
| Build / train | 35 | |
| ESC pressed | 1 | |
| Enter build submenu | 20 | |
| Enter hero's abilities submenu | 3 | |
| Right click | 252 | |
| Select / deselect | 182 | |
| Select group hotkey | 84 | |
| Use ability | 39 | |
687 total
» units
| Peasant | 13 | |
| Footman | 10 | |
| Forest Troll Shadow Priest | 2 | |
25 total
» upgrades
» buildings
| Altar of Kings | 1 | |
| Farm | 6 | |
| Barracks | 1 | |
| Scout Tower | 9 | |
| Arcane Tower | 1 | |
| Lumber Mill | 1 | |
| Town Hall | 1 | |
| Guard Tower | 1 | |
21 total
» build order
00:06 Altar of Kings
00:19 Farm
00:21 Farm
00:34 Barracks
01:41 Scout Tower
01:55 Farm
02:28 Arcane Tower
03:23 Farm
04:16 Lumber Mill
04:28 Scout Tower
04:45 Farm
04:50 Scout Tower
04:52 Scout Tower
04:54 Scout Tower
06:14 Town Hall
06:19 Guard Tower
07:11 Farm
07:25 Scout Tower
07:26 Scout Tower
07:27 Scout Tower
07:27 Scout Tower
team 2 (loser)

»
Hyuuga.neji (
orange | 73 APM | 605 actions | 08:17)
2 Archmage
1 Summon Water Elemental
1 Brilliance Aura
» actions
| Assign group hotkey | 15 | |
| Basic commands | 1 | |
| Build / train | 30 | |
| ESC pressed | 2 | |
| Enter build submenu | 15 | |
| Enter hero's abilities submenu | 2 | |
| Right click | 210 | |
| Select / deselect | 160 | |
| Select group hotkey | 134 | |
| Use ability | 36 | |
605 total
» units
» upgrades
» buildings
| Barracks | 1 | |
| Altar of Kings | 1 | |
| Farm | 4 | |
| Lumber Mill | 1 | |
| Town Hall | 1 | |
| Scout Tower | 5 | |
| Guard Tower | 4 | |
| Keep | 1 | |
18 total
» build order
00:08 Barracks
00:11 Altar of Kings
00:38 Farm
00:49 Farm
01:55 Farm
03:12 Lumber Mill
03:47 Town Hall
04:22 Scout Tower
04:22 Scout Tower
04:45 Farm
04:54 Guard Tower
06:20 Keep
06:48 Scout Tower
06:49 Scout Tower
06:57 Scout Tower
07:16 Guard Tower
07:47 Guard Tower
Chat log
(00:10 / All) GreedoftheNoob: gg gl
(08:15 / All) Hyuuga.neji: faaaggggg